 Dungeon Crawl Stone Soup version 0.29.1-12-g30fa7ad0bf (webtiles) character file.

Game seed: 15222268856153731437

1024 FexLirch the Geomancer (level 8, -4/57 HPs)
             Began as a Meteoran Earth Elementalist on Dec 26, 2022.
             Was an Initiate of Gozag.
             Slain by an orc warrior zombie
             ... wielding a +0 halberd
              (13 damage)
             ... in a bailey.
             The game lasted 00:14:03 (2156 turns).

FexLirch the Geomancer (MeEE)                       Turns: 2156, Time: 00:14:03

Health: -4/57      AC:  4    Str: 15    XL:     8   Next: 75%
Magic:  12/16      EV: 12    Int: 25    God:    Gozag
Gold:   271        SH:  0    Dex: 15    Spells: 11/17 levels left

rFire   + . .      SeeInvis .   j - +2 dagger (holy)
rCold   . . .      Faith    .   (no shield)
rNeg    . . .      Spirit   .   y - +0 leather armour {rF+}
rPois   .          Reflect  .   (no helmet)
rElec   .          Harm     .   f - +0 cloak
rCorr   .          Rampage  .   (no gloves)
Will    +....                   (no boots)
Stlth   +.........              (no amulet)
HPRegen 0.19/turn               d - +6 ring of strength
MPRegen 0.15/turn               p - +6 ring of intelligence

@: gold aura, glowing
A: sense surroundings 1, otherworldly, glowing, explore regen
a: Renounce Religion, Potion Petition, Call Merchant, Bribe Branch


You were in a bailey.
You worshipped Gozag.
Gozag was aware of your devotion.
You visited 1 branch of the dungeon, and saw 7 of its levels.
You also visited: Bailey.

You collected 862 gold pieces.
You spent 551 gold pieces at shops.
You paid 40 gold pieces to Gozag.

Inventory:

Hand Weapons
 j - a +2 dagger of holy wrath (weapon)
 x - a +3 spear
Armour
 a - a +0 robe
 f - a +0 cloak (worn)
 t - an orb of guile
 y - a +0 leather armour of fire resistance (worn)
Jewellery
 d - a +6 ring of strength (left hand)
 p - a +6 ring of intelligence (right hand)
Wands
 r - a wand of charming (11)
 w - a wand of iceblast (11)
Scrolls
 c - a scroll of butterflies {unknown}
 e - a scroll of amnesia {unknown}
 g - 2 scrolls of summoning
 l - a scroll of noise {unknown}
 m - a scroll of magic mapping {unknown}
 n - a scroll of brand weapon {unknown}
 s - a scroll of teleportation {unknown}
 u - 2 scrolls of fear
Potions
 b - a potion of magic
 h - a potion of might {unknown}
 i - 3 potions of heal wounds
 k - 3 potions of flight
 o - a potion of mutation {unknown}
 q - 2 potions of curing
 v - a potion of resistance {unknown}


   Skills:
 - Level 2.4 Dodging
 - Level 1.4 Stealth
 - Level 5.0 Spellcasting
 - Level 1.2 Transmutations
 + Level 10.9 Earth Magic


You had 11 spell levels left.
You knew the following spells:

 Your Spells              Type           Power      Damage    Failure   Level
a - Sandblast             Erth           100%       2d20      1%          1
b - Stone Arrow           Conj/Erth      66%        3d11      3%          3
c - Passwall              Tmut/Erth      30%        N/A       1%          2

Your spell library contained the following spells:

 Spells                   Type           Power      Damage    Failure   Level
 Petrify                  Tmut/Erth      36%        N/A       9%          4
 Magic Dart               Conj           24%        1d4       10%         1
 Call Imp                 Summ           6%         N/A       16%         2
 Mephitic Cloud           Conj/Pois/Air  6%         N/A       30%         3
 Summon Guardian Golem    Hex/Summ       6%         N/A       30%         3
 Orb of Destruction       Conj           3%         9d5       100%        7
 Spellforged Servitor     Conj/Summ      3%         N/A       100%        7


Dungeon Overview and Level Annotations

Branches:
Dungeon (7/15) Zot: 2123   Bailey (1/1) Zot: 446
 Temple: D:4-7

Altars:
Gozag

Shops:
D:5 *![=


Innate Abilities, Weirdness & Mutations

You passively map a small area around you.
You are easily found by Zot.
You glow in the dark.
You regain HP and MP as you explore.


Message History

You see here a +0 leather armour of fire resistance.
y - a +0 leather armour of fire resistance You start removing your armour.
You continue taking off your +0 robe. x4
You finish taking off your +0 robe.
You start putting on your armour.
You continue putting on your +0 leather armour of fire resistance. x5
You finish putting on your +0 leather armour of fire resistance.
You feel resistant to fire.
You see here an orc skeleton.
There is an open door here.
There is an open door, spattered with blood here.
Unknown command.
As you open the door, it creaks loudly! 2 orc warrior zombies come into view.
There is an open door here.
The blast of sand hits the orc warrior zombie!!
The orc warrior zombie is severely damaged.
The orc warrior zombie hits you from afar with a +0 halberd!
The orc warrior zombie hits you from afar with a +0 trident.
You are too injured to fight recklessly!
Casting: Sandblast (safe; 1% risk of failure)
Confirm with . or Enter, or press ? or * to list all spells.
Aiming: Sandblast (safe; 1% risk of failure)
Press: ? - help, Shift-Dir - straight line, f/p - orc warrior zombie
Aim: an orc warrior zombie, wielding a +0 trident (severely damaged, 89% to hit)
The blast of sand hits the orc warrior zombie!!
You destroy the orc warrior zombie!
The orc warrior zombie hits you from afar with a +0 halberd!
Casting: Sandblast (safe; 1% risk of failure)
Confirm with . or Enter, or press ? or * to list all spells.
Aiming: Sandblast (safe; 1% risk of failure)
Press: ? - help, Shift-Dir - straight line, f - orc warrior zombie
Aim: an orc warrior zombie, wielding a +0 halberd (89% to hit)
The blast of sand hits the orc warrior zombie!
The orc warrior zombie is heavily damaged.
The orc warrior zombie hits you from afar with a +0 halberd!
* * * LOW HITPOINT WARNING * * *
The orc warrior zombie hits you from afar with a +0 halberd!
You die...
Your body crumbles into a pile of gold.

, #...* , #######
, +...## ##.....8
,,+....####.......
###...#........ ,
*..#...........#
#+#..#.....♣.....#
,
#.$..#.)..♣.♣♣...#
#..Z.#)..........#
,8,
#@####).........##
#...............#.
8
#...............')
##.....♣........##
,#.....)..........
* ,,,
#....♣...........
,
##........#..#...
#+#####'##..#... *
, #....)).##..#...


You could see an orc warrior zombie.

Vanquished Creatures
  A black bear (D:5)
  An ogre (D:5)
  A bullfrog (D:7)
  A scorpion (D:5)
  A necrophage (D:5)
  2 hounds
  A jelly (D:5)
  A gnoll bouda (D:5)
  6 iguanas
  An orc wizard (D:5)
  Natasha (thrice) (D:2)
  Robin (D:3)
  7 gnolls
  6 adders
  A shadow imp (D:5)
  A white imp (D:5)
  4 worms
  3 dart slugs
  8 orcs
  3 ball pythons
  4 bats
  6 endoplasms
  4 giant cockroaches
  12 goblins
  6 hobgoblins
  2 jackals (D:5)
  4 kobolds
  3 quokkas
  14 orc zombies (Bailey)
  2 rats
110 creatures vanquished.

Notes
Turn   | Place    | Note
-------+----------+-------------------------------------------
     0 | D:1      | FexLirch the Meteoran Earth Elementalist began the quest
                  | for the Orb.
     0 | D:1      | Reached XP level 1. HP: 14/14 MP: 5/5
   103 | D:1      | Reached XP level 2. HP: 20/20 MP: 4/7
   182 | D:1      | Reached skill level 4 in Earth Magic
   408 | D:1      | Reached XP level 3. HP: 14/26 MP: 3/8
   490 | D:1      | Glimpsed the power of Zot.
   539 | D:1      | Glimpsed the power of Zot.
   560 | D:2      | Noticed Natasha
   562 | D:2      | Found an opulent altar of Gozag.
   565 | D:2      | Killed Natasha
   566 | D:2      | Reached XP level 4. HP: 26/33 MP: 7/11
   572 | D:2      | Became a worshipper of Gozag Ym Sagoz the Greedy
   600 | D:2      | Noticed Natasha
   615 | D:2      | Killed Natasha
   616 | D:2      | Reached skill level 5 in Earth Magic
   657 | D:2      | Learned a level 3 spell: Stone Arrow
   660 | D:2      | Learned a level 2 spell: Passwall
   683 | D:2      | Reached XP level 5. HP: 38/38 MP: 9/12
   830 | D:4      | Noticed Robin
   837 | D:3      | Killed Robin
   965 | D:2      | Noticed Natasha
   973 | D:2      | Killed Natasha
   974 | D:2      | Reached skill level 5 in Spellcasting
  1081 | D:3      | Reached XP level 6. HP: 45/45 MP: 4/14
  1160 | D:4      | Reached skill level 6 in Earth Magic
  1257 | D:5      | Entered Level 5 of the Dungeon
  1257 | D:5      | Found Nuehe's Armour Shoppe.
  1280 | D:5      | Reached skill level 7 in Earth Magic
  1349 | D:5      | Found Wabboh's Jewellery Emporium.
  1382 | D:5      | Reached XP level 7. HP: 45/50 MP: 11/15
  1415 | D:5      | Bought a +6 ring of intelligence for 396 gold pieces
  1478 | D:5      | Reached skill level 8 in Earth Magic
  1590 | D:5      | Reached skill level 9 in Earth Magic
  1595 | D:5      | Reached XP level 8. HP: 57/57 MP: 11/16
  1610 | D:5      | Found Vuatim's Assorted Antiques.
  1727 | D:5      | Found Komeujy's Distillery.
  1731 | D:5      | Bought a potion of heal wounds for 65 gold pieces
  1731 | D:5      | Bought a potion of curing for 39 gold pieces
  1731 | D:5      | Bought a potion of degeneration for 13 gold pieces
  1741 | D:5      | Bought a scroll of identify for 38 gold pieces
  1786 | D:5      | Reached skill level 10 in Earth Magic
  1969 | D:7      | Found a flagged portal.
  2012 | Bailey   | Entered a bailey
  2156 | Bailey   | Slain by an orc warrior zombie

Illustrated notes

Levels and vault maps discovered:
D:1:      dpeg_arrival_more_subterranean_lakeside_camping, layout_basic
D:2:      layout_loops_corners, basic_altar, uniq_natasha
D:3:      layout_basic, uniq_ijyb, uniq_crazy_yiuf_cottage
D:4:      layout_cave_pools, minmay_temple_entry_gardened_gates,
          grunt_ministairs_14, kennysheep_decorative_pillar, st_stairs_13,
          uniq_robin
D:5:      layout_layer_cave, serial_shops, kennysheep_little_box, shop,
          nicolae_stop_n_shop_1, nicolae_shop_crystal
D:6:      layout_cave_pods, ebering_ghost_disaster_area, nicolae_shop_clearance,
          uniq_grinder, uniq_duvessa
D:7:      layout_loops_cross, enter_bailey_5, uniq_pikel
Bailey:   bailey_polearm_vampire_castle_hellmonk, bailey

Skill      XL: |  1  2  3  4  5  6  7  8 |
---------------+-------------------------+-----
Spellcasting   | 3 4 5 |  5.0
Earth Magic    | 4 5 7 9 10 | 10.9
Dodging        | |  2.4
Stealth        | |  1.4
Transmutations | |  1.2

Action                   |  1- 3 |  4- 6 |  7- 9 || total
-------------------------+-------+-------+-------++-------
Melee: Unarmed           |     1 |     2 |       ||     3
       Dagger            |       |     1 |     1 ||     2
 Cast: Sandblast         |    21 |    66 |    59 ||   146
       Stone Arrow       |       |    12 |    11 ||    23
       Passwall          |       |     3 |       ||     3
  Use: Scroll            |       |       |     3 ||     3
Armor: Robe              |     2 |    14 |     1 ||    17
Dodge: Dodged            |     2 |    27 |    11 ||    40
